 Dungeon Crawl Stone Soup version 0.29.1-15-g9cfb28693d (webtiles) character file.

Game seed: 7106428031072828006

119 Alturiack the Shooter (level 4, 0/21 HPs)
             Began as a Spriggan Arcane Marksman on Apr 13, 2023.
             Constricted to death by a ball python (1 damage)
             ... on level 3 of the Dungeon.
             The game lasted 00:09:03 (2768 turns).

Alturiack the Shooter (Spriggan Arcane Marksman)    Turns: 2768, Time: 00:09:04

Health: 0/21       AC:  3    Str:  6    XL:     4   Next: 73%
Magic:  7/7        EV: 14    Int: 20    God:
Gold:   115        SH:  0    Dex: 17    Spells: 4/5 levels left

rFire   . . .      SeeInvis +   a - +1 sling
rCold   . . .      Faith    .   (no shield)
rNeg    . . .      Spirit   .   c - +0 robe
rPois   +          Reflect  .   (helmet restricted)
rElec   .          Harm     .   e - +0 cloak
rCorr   .          Rampage  .   (gloves unavailable)
Will    .....                   (boots unavailable)
Stlth   ++........              (no amulet)
HPRegen 0.07/turn               o - +6 ring of intelligence
MPRegen 0.10/turn               n - ring of poison resistance

@: constricted, very quick
A: very small, no large weapons, unfitting armour, see invisible, speed 3
a: no special abilities


You were on level 3 of the Dungeon.
You visited 1 branch of the dungeon, and saw 3 of its levels.

You collected 115 gold pieces.

Inventory:

Hand Weapons
 a - a +1 sling (weapon)
Armour
 c - a +0 robe (worn)
 e - a +0 cloak (worn)
Jewellery
 l - a +6 ring of strength
 n - a ring of poison resistance (right hand)
 o - a +6 ring of intelligence (left hand)
 t - the brooch of Shielding {Spirit SH+8}
   (You found it on level 2 of the Dungeon)

   [amulet of guardian spirit]

   It causes incoming damage to be divided between your reserves of health and
   magic.
   SH:        It affects your SH (+8).
Wands
 p - a wand of flame (10)
Scrolls
 b - a scroll of poison
 d - 2 scrolls of identify {unknown}
 f - a scroll of vulnerability {unknown}
 g - a scroll of magic mapping {unknown}
 i - 2 scrolls of teleportation {unknown}
 m - a scroll of amnesia {unknown}
 q - a scroll of noise {unknown}
 s - a scroll of immolation {unknown}
Potions
 h - a potion of cancellation {unknown}
 j - 2 potions of curing {unknown}
 k - a potion of brilliance {unknown}
 r - a potion of magic {unknown}
 u - a potion of ambrosia {unknown}


   Skills:
 - Level 0.7 Fighting
 + Level 5.0 Ranged Weapons
 - Level 2.6 Dodging
 - Level 1.3 Spellcasting
 - Level 3.6 Hexes


You had 4 spell levels left.
You knew the following spells:

 Your Spells              Type           Power      Damage    Failure   Level
a - Slow                  Hex            60%        N/A       3%          1

Your spell library contained the following spells:

 Spells                   Type           Power      Damage    Failure   Level
 Inner Flame              Hex/Fire       8%         N/A       24%         3
 Portal Projectile        Hex/Tloc       16%        N/A       24%         3
 Cause Fear               Hex            7%         N/A       36%         4
 Ice Form                 Ice/Tmut       1%         N/A       86%         4
 Storm Form               Tmut/Air       0%         N/A       100%        7
 Polar Vortex             Ice            0%         N/A       100%        9


Dungeon Overview and Level Annotations

Branches:
Dungeon (3/15)

Altars:

Shops:
D:1 [

Annotations:
D:2 1 runed translucent door, Crazy Yiuf


Innate Abilities, Weirdness & Mutations

You are very small and have problems with some larger weapons.
You are too small for most types of armour.
You have supernaturally acute eyesight. (SInv)
You cover ground extremely quickly. (Speed+++)


Message History

A rat comes into view.
The ball python closely misses you. x2; The rat moves out of view.
Fire: a) +1 sling
Press: ? - help, Q - select action, (/) - cycle Shift-Dir - straight line, f/p - orc
Aim: an orc, wielding a +0 dagger and wearing a +0 chain mail (heavily wounded, 68% to hit)
You shoot a sling bullet.
The sling bullet hits the orc but does no damage.
The orc is heavily wounded.
The ball python barely misses you. The ball python grabs you.
The ball python constricts you. The orc barely misses you.
Fire: a) +1 sling
Press: ? - help, Q - select action, (/) - cycle Shift-Dir - straight line, f/p - orc
Aim: an orc, wielding a +0 dagger and wearing a +0 chain mail (heavily wounded, 68% to hit)
You shoot a sling bullet. The sling bullet barely misses the orc.
The sling bullet hits the orc.
The orc is heavily wounded.
The ball python barely misses you. The ball python constricts you.
The orc hits you from afar with a +0 trident.
* * * LOW HITPOINT WARNING * * *
The orc hits you but does no damage.
Fire: a) +1 sling
Press: ? - help, Q - select action, (/) - cycle Shift-Dir - straight line, f/p - orc
Aim: an orc, wielding a +0 dagger and wearing a +0 chain mail (heavily wounded, 68% to hit)
You shoot a sling bullet. The sling bullet hits the orc.
The orc is severely wounded.
The ball python bites you but does no damage.
The ball python constricts you.
* * * LOW HITPOINT WARNING * * *
The orc barely misses you. The orc misses you. The ball python bites you.
* * * LOW HITPOINT WARNING * * *
The ball python constricts you.
* * * LOW HITPOINT WARNING * * *
Fire: a) +1 sling
Press: ? - help, Q - select action, (/) - cycle Shift-Dir - straight line, f/p - orc
Aim: an orc, wielding a +0 dagger and wearing a +0 chain mail (severely wounded, 68% to hit)
You shoot a sling bullet. The sling bullet hits the orc.
You kill the orc!
The ball python bites you but does no damage.
The ball python constricts you.
You die...

#############
#@)oro......#
#S##o.#####.#
#o##....<...# #
#.##o.#####o# .##
#.#.... #.#...##
........ #o.....#
#.#...#.#.........
#.....o.....##.###
#.#.###.# .#


You could see 4 orcs, a ball python and a rat.

Vanquished Creatures
  Jessica (D:2)
  Robin (D:2)
  2 adders (D:2)
  A worm (D:2)
  3 dart slugs
  An orc (D:3)
  6 ball pythons
  4 endoplasms
  A giant cockroach (D:2)
  8 goblins
  4 hobgoblins
  5 jackals (D:2)
  2 quokkas (D:1)
  4 bats
  2 frilled lizards
  4 kobolds
  5 rats
54 creatures vanquished.

Notes
Turn   | Place    | Note
-------+----------+-------------------------------------------
     0 | D:1      | Alturiack the Spriggan Arcane Marksman began the quest for
                  | the Orb.
     0 | D:1      | Reached XP level 1. HP: 9/9 MP: 3/3
   143 | D:1      | Got the Grimoire of Metamorphic Hypothermia
   191 | D:1      | Reached XP level 2. HP: 14/14 MP: 5/5
   518 | D:1      | Reached skill level 3 in Ranged Weapons
   666 | D:1      | Found Wor Fiqa's Antique Armour Emporium.
  1041 | D:2      | Identified the +7 hand axe of Qizuagoadu {vorpal, rF- rN+
                  | SInv}
  1213 | D:2      | Reached XP level 3. HP: 17/17 MP: 6/6
  1439 | D:2      | Noticed Jessica
  1463 | D:2      | Killed Jessica
  1464 | D:2      | Reached skill level 4 in Ranged Weapons
  1464 | D:2      | Reached XP level 4. HP: 9/21 MP: 7/7
  1728 | D:2      | Noticed Robin
  1834 | D:2      | Killed Robin
  1914 | D:2      | Found the brooch of Shielding {Spirit SH+8}
  2072 | D:2      | Reached skill level 5 in Ranged Weapons
  2276 | D:2      | Found a runed translucent door.
  2277 | D:2      | Noticed Crazy Yiuf
  2767 | D:3      | HP: 1/21 [constriction (1)]
  2768 | D:3      | Constricted to death by a ball python

Illustrated notes

Levels and vault maps discovered:
D:1:      mrwooster_arrival_arrow, layout_basic, serial_shops, shop_fountains
D:2:      layout_basic, minmay_liquid_box, grunt_decor_cap, minmay_vboxes,
          uniq_crazy_yiuf_cottage, uniq_jessica, uniq_robin
D:3:      layout_loops_corners, mainiacjoe_overflow_small_starburst,
          gammafunk_ghost_nasty_kobolds

Skill      XL: |  1  2  3  4 |
---------------+-------------+-----
Ranged Weapons | 3 4 5 |  5.0
Fighting       | |  0.7
Dodging        | |  2.6
Spellcasting   | |  1.3
Hexes          | |  3.6

Action                   |  1- 3 |  4- 6 || total
-------------------------+-------+-------++-------
 Fire: Sling             |    99 |    84 ||   183
 Cast: Slow              |     4 |     5 ||     9
Armor: Robe              |     9 |     4 ||    13
Dodge: Dodged            |    37 |    22 ||    59
